 Dungeon Crawl Stone Soup version 0.19-a0-1908-g43c011f (webtiles) character file.

1615 Jorund the Cleaver (level 9, -4/64 HPs)
             Began as a Formicid Fighter on Oct 22, 2016.
             Slain by an ogre
             ... wielding a +0 giant club
              (25 damage)
             ... on level 6 of the Dungeon.
             The game lasted 00:11:13 (5295 turns).

Jorund the Cleaver (Formicid Fighter)               Turns: 5295, Time: 00:11:13

Health: -4/64      AC: 10    Str: 25    XL:     9   Next: 17%
Magic:  9/9        EV: 10    Int:  7    God:
Gold:   293        SH:  0    Dex: 10    Spells: 0 memorised, 8 levels left

rFire  + . .     SeeInvis +     a - +1 war axe
rCold  . . .     Gourm    .     b - +0 scale mail
rNeg   . . .     Faith    .     (no shield)
rPois  +         Spirit   .     (helmet unavailable)
rElec  .         Reflect  .     (no cloak)
rCorr  .         Harm     .     (no gloves)
MR     .....                    E - +1 pair of boots
Stlth  ..........               (no amulet)
                                G - ring of protection from fire
                                x - ring of poison resistance

@: no status effects
A: permanent stasis, dig shafts and tunnels, four strong arms, antennae 3
a: Dig, Shaft Self


You were on level 6 of the Dungeon.
You were not hungry.

You visited 1 branch of the dungeon, and saw 6 of its levels.

You collected 293 gold pieces.

Inventory:

Hand Weapons
 a - a +1 war axe (weapon)
 d - a +1 whip of electrocution
 H - a +0 hand crossbow
Missiles
 e - 7 needles of frenzy
 h - 47 poisoned needles
 q - 51 bolts
Armour
 b - a +0 scale mail (worn)
 c - a +0 shield
 E - a +1 pair of boots (worn)
Jewellery
 x - a ring of poison resistance (left hand)
 y - an uncursed ring of flight
 G - a ring of protection from fire (right hand)
Wands
 g - a wand of disintegration (9/24)
 A - a wand of lightning (9/15)
 D - a wand of disintegration (21/24)
Scrolls
 k - 4 scrolls of remove curse
 l - 2 scrolls of enchant weapon
 m - 2 scrolls of fear
 p - a scroll of recharging
 B - a scroll of vulnerability {unknown}
Potions
 i - a potion of cure mutation
 j - 2 potions of flight
 n - 5 potions of curing
 r - a potion of brilliance
 t - a potion of resistance {unknown}
 u - a potion of lignification {unknown}
 v - 3 potions of degeneration {unknown}
 w - a potion of mutation {unknown}
 z - 2 potions of heal wounds {unknown}
 F - a potion of agility {unknown}
 I - a potion of cancellation {unknown}
Books
 C - a book of Callings

   Spells                             Type                      Level
   a - Summon Small Mammal            Summoning                    1
   b - Call Imp                       Summoning                    2
   c - Call Canine Familiar           Summoning                    3
   d - Summon Guardian Golem          Hexes/Summoning              3
   e - Summon Lightning Spire         Summoning/Air                4
   f - Summon Ice Beast               Ice/Summoning                4
Comestibles
 f - 6 bread rations
 o - 3 meat rations
 s - 4 fruits
 J - 2 chunks of flesh


   Skills:
 - Level 3.2 Fighting
 + Level 8.8 Axes
 * Level 2.2 Crossbows
 + Level 7.7 Armour
 - Level 3.6 Shields


You had 8 spell levels left.
You didn't know any spells.

Dungeon Overview and Level Annotations

Branches:
Dungeon (6/15)
 Temple: D:4-7

Altars:
Gozag
Kikubaaqudgha
Ru

Shops:
D:4 [   D:6 (


Innate Abilities, Weirdness & Mutations

You are under a permanent stasis effect.
You can dig through walls and to a lower floor.
Your four strong arms can wield two-handed weapons with a shield.
You have a pair of large antennae on your head. (SInv)


Message History

The ogre hits you with a giant club.
You barely miss the ogre.
The ogre is moderately wounded.
You slash the ogre!
The ogre is heavily wounded.
The ogre hits you but does no damage.
You hit the ogre.
The ogre is severely wounded.
The ogre hits you with a giant club!!
* * * LOW HITPOINT WARNING * * *
You are too injured to fight recklessly!
You barely miss the ogre.
The ogre is severely wounded.
The ogre misses you.
Unknown command.
The ogre barely misses you.
You barely miss the ogre.
The ogre is severely wounded.
The ogre hits you with a giant club!!
You die...

#.#
#.#####.#####.#
#.............#
........#######
#######.# #.#
#.# #.######
#.O@...# .#
######.##.#
#.##.. #.##.#
#.# #.##.# #.#
#.##.# #.# #.#
#.# #..#.# #.#
#.# #.# ##.#..#
#.# #.# #.#
#.###.###.#


You could see an ogre.

Vanquished Creatures
  Pikel (D:4)
  The ghost of Jorund the Chopper, a novice OpSk of Uskayaw (D:5)
  Menkaure (D:5)
  A slave (D:4)
  2 phantoms
  An ogre (D:4)
  A scorpion (D:4)
  2 bullfrog skeletons (D:4)
  Ijyb (D:2)
  3 iguanas
  5 worker ants (D:4)
  6 adders
  A shadow imp (D:5)
  An ooze (D:2)
  5 worms
  2 dart slugs
  8 leopard geckos
  11 orcs
  A ball python (D:1)
  4 giant cockroaches
  12 goblins
  9 hobgoblins
  3 jackals (D:2)
  4 quokkas
  9 bats
  4 frilled lizards
  7 kobolds
  A quokka skeleton (D:4)
  7 rats
114 creatures vanquished.

Vanquished Creatures (others)
  3 slaves (D:4)
3 creatures vanquished.

Grand Total: 117 creatures vanquished

Notes
Turn   | Place    | Note
-------+----------+-------------------------------------------
     0 | D:1      | Jorund the Formicid Fighter began the quest for the Orb.
     0 | D:1      | Reached XP level 1. HP: 18/18 MP: 1/1
    84 | D:1      | Reached XP level 2. HP: 16/24 MP: 2/2
   272 | D:1      | Reached XP level 3. HP: 25/29 MP: 3/3
   933 | D:2      | Reached XP level 4. HP: 9/35 MP: 4/4
   959 | D:1      | Reached skill level 3 in Axes
  1258 | D:2      | Found an ancient bone altar of Kikubaaqudgha.
  1387 | D:2      | Noticed Ijyb
  1402 | D:2      | Killed Ijyb
  1402 | D:2      | Reached XP level 5. HP: 37/41 MP: 5/5
  1984 | D:3      | Reached skill level 4 in Axes
  2692 | D:4      | Reached skill level 5 in Armour
  2693 | D:4      | Noticed a slave
  2707 | D:4      | Killed a slave
  2839 | D:4      | Reached XP level 6. HP: 13/47 MP: 6/6
  3320 | D:4      | Reached skill level 5 in Axes
  3584 | D:4      | Noticed an ogre
  3636 | D:4      | Noticed Pikel
  3636 | D:4      | Noticed a slave
  3643 | D:4      | Noticed a slave
  3647 | D:4      | Noticed a slave
  3652 | D:4      | Killed Pikel
  3652 | D:4      | Reached skill level 7 in Axes
  3652 | D:4      | Reached XP level 7. HP: 35/52 MP: 7/7
  3652 | D:4      | Reached XP level 8. HP: 39/58 MP: 8/8
  3682 | D:4      | Found Zoshrea's Antique Armour Shop.
  4487 | D:5      | Entered Level 5 of the Dungeon
  4487 | D:5      | Noticed Menkaure
  4503 | D:5      | Killed Menkaure
  4503 | D:5      | Reached skill level 8 in Axes
  4543 | D:5      | Noticed Jorund's ghost (novice OpSk)
  4564 | D:5      | Killed Jorund's ghost
  4564 | D:5      | Reached skill level 1 in Crossbows
  4564 | D:5      | Reached XP level 9. HP: 30/64 MP: 9/9
  4898 | D:5      | Found a sacrificial altar of Ru.
  4905 | D:5      | Found an opulent altar of Gozag.
  5190 | D:6      | Found Meexzyrgh's Antique Weapon Emporium.
  5295 | D:6      | Slain by an ogre

Vault maps used:
D:1:      scummos_arrival_hexagon, hangedman_abyss_or_decor_lesser_grid,
          minmay_close_crescents
D:2:      kennysheep_goblin_castle, lemuel_doored_altar,
          serial_co_window_serial, co_window_paths_a, co_window_paths_b,
          co_window_paths_a, co_window_paths_b, co_window_paths_b,
          co_window_corner_a, co_window_of_opportunity_b, co_window_corner_ca,
          co_window_cross_3, glass_columns_c, glass_columns_a,
          guppyfry_early_lair_pool
D:4:      serial_shops, kennysheep_mini, uniq_pikel
D:5:      minitemple, first_bread, minmay_lizard_king, uniq_menkaure
D:6:      serial_shops, shop, elyvilon_altar_5

Skill      XL: |  1  2  3  4  5  6  7  8  9 |
---------------+----------------------------+-----
Armour         | 4 5 6 7 |  7.7
Axes           | 3 4 7 8 |  8.8
Crossbows      | 1 2 |  2.2
Fighting       | |  3.2
Shields        | |  3.6

Action                   |  1- 3 |  4- 6 |  7- 9 || total
-------------------------+-------+-------+-------++-------
Melee: War axe           |   116 |   217 |   134 ||   467
 Fire: Hand crossbow     |       |       |     7 ||     7
Evoke: Wand              |       |       |     1 ||     1
  Use: Scroll            |       |     5 |    10 ||    15
       Potion            |       |     1 |       ||     1
  Eat: Chunk             |       |     9 |     6 ||    15
Armor: Scale mail        |    70 |   117 |    49 ||   236
Dodge: Dodged            |    80 |   123 |    64 ||   267
